Map: [ESL] Solaris

Players

Future

  • Race: Terran Terran
  • Spawn Location: 1:00

trigger - Winner!

  • Race: Protoss Protoss
  • Spawn Location: 7:00

Event: ESL SC2 Masters 2023 Winter (Regional)

VOD

Have the link to the VOD?

Description

Time

  • Played on: Nov. 4, 2023, 2:47 p.m.
  • Length: 5:48

All games in this series

Show
View Real Time Build Order
Export as new Build Order

Future Terran 

Build Orders: 1/1/1, Cyclone Opening 

Get SALT Encoding   

  12  0:00  SCV  
  13  0:12  SCV  
  14  0:17  Supply Depot  
  14  0:24  SCV  
  14  0:28  Refinery  
  15  0:38  SCV  
  16  0:46  Barracks  
  16  0:50  SCV  
  17  1:03  SCV  
  18  1:05  Engineering Bay  
  18  1:15  SCV  
  19  1:32  Orbital Command  
  19  1:33  Marine  
  19  1:38  Factory  
  20  1:45  Supply Depot  
  20  1:48  Refinery  
  20  1:51  Barracks Reactor  
  20  1:59  SCV  
  21  2:11  SCV  
  22  2:22  Cyclone  
  24  2:23  SCV  
  24  2:27  Marine x2  
  24  2:28  Starport  
  27  2:32  Supply Depot  
  27  2:38  SCV  
  28  2:45  Marine x2  
  30  2:54  Cyclone  
  32  3:03  Marine x2  
  34  3:05  Medivac  
  34  3:06  Supply Depot  
  36  3:23  Marine x2  
  36  3:26  Factory Tech Lab  
  38  3:29  Supply Depot  
  38  3:35  Liberator, SCV  
  42  3:42  Marine x2  
  44  3:58  Siege Tank  
  44  3:59  Marine  
  44  4:00  Marine  
  45  4:17  Marine x2  
  45  4:20  Viking  
  45  4:33  Siege Tank  
  45  4:35  Marine x2  
  41  4:53  Marine x2  
  38  5:05  Siege Tank  
  34  5:15  Marine x2  
Show
View Real Time Build Order
Export as new Build Order

trigger Protoss - Winner!

Build Orders: 1 Gate Expand, Phoenix Opening 

Get SALT Encoding   

  12  0:00  Probe  
  13  0:12  Probe  
  14  0:16  Pylon  
  14  0:24  Probe (Chrono Boost)  
  15  0:36  Gateway, Probe (Chrono Boost)  
  16  0:44  Probe (Chrono Boost)  
  16  0:46  Assimilator  
  17  0:50  Probe  
  18  1:03  Probe  
  19  1:15  Probe  
  20  1:24  Cybernetics Core  
  20  1:34  Nexus  
  20  1:36  Probe  
  21  1:43  Assimilator  
  21  1:47  Pylon  
  21  1:51  Probe  
  22  2:03  Probe (Chrono Boost)  
  22  2:05  Adept  
  25  2:14  Probe (Chrono Boost)  
  26  2:17  Stargate  
  26  2:19  Probe (Chrono Boost)  
  27  2:32  Probe  
  27  2:33  Warp Gate  
  27  2:34  Shield Battery  
  28  2:37  Stalker (Chrono Boost)  
  30  2:45  Probe  
  30  2:46  Probe  
  32  2:52  Shield Battery  
  32  2:59  Probe x2  
  32  3:03  Phoenix (Chrono Boost)  
  36  3:09  Stalker  
  38  3:14  Probe  
  38  3:15  Probe  
  38  3:21  Phoenix (Chrono Boost)  
  40  3:28  Pylon  
  40  3:29  Probe  
  41  3:37  Phoenix (Chrono Boost)  
  41  3:39  Pylon  
  45  3:51  Gateway x2  
  43  4:00  Shield Battery  
  43  4:01  Shield Battery  
  43  4:02  Shield Battery  
  43  4:10  Phoenix (Chrono Boost)  
  45  4:21  Probe  
  45  4:24  Stalker  
  41  4:39  Void Ray (Chrono Boost)  
  41  4:44  Probe  
  41  4:45  Probe  
  39  4:46  Adept x2  
  43  4:57  Stalker, Probe  
  43  4:58  Probe  
  43  5:09  Probe (Chrono Boost)  
  43  5:10  Probe (Chrono Boost)  
  43  5:12  Adept x2  
  46  5:22  Probe (Chrono Boost)  
  46  5:24  Adept  
  46  5:27  Probe (Chrono Boost)  
  49  5:30  Probe (Chrono Boost)  
  49  5:33  Probe (Chrono Boost)  
  51  5:44  Nexus  
Tags
 
Add a new tag
Caveats
  • Supply blocks, unpowered buildings, or Contaminate may cause inaccurate times.
  • Supply counts are checked every 10 seconds.